[Event "*** SCC Grand Prix: Titled Tuesday Blitz"]
[Site "Chess.com"]
[Date "2020.06.09"]
[Round "1"]
[White "IAgrest"]
[Black "AlexOstrovskiy"]
[Result "0-1"]
[WhiteElo "2240"]
[BlackElo "2583"]
[TimeControl "180+1"]
[EndTime "9:06:40 PDT"]
[Termination "AlexOstrovskiy won by resignation"]

1. e4 c6 2. d4 d5 3. f3 e6 4. Nc3 Qb6 5. Nge2 Nf6 6. Bg5 Qxb2 7. Rb1 Qa3 8. Qd3 Qa5 9. Bxf6 gxf6 10. Ng3 h5 11.
Be2 h4 12. Nf1 b6 13. exd5 cxd5 14. Qd2 Ba6 15. Bb5+ Nd7 16. Bxa6 Qxa6 17. Nb5 Rc8 18. Ne3 Qb7 19. O-O a6 20. Nc3 Qc7 21. Ne2 Bh6 22.
c3 b5 23. Qd3 Nb6 24. Ng4 Bg7 25. Rfe1 Kf8 26. Rbd1 Nc4 27. Nf4 Qxf4 0-1

[Event "*** SCC Grand Prix: Titled Tuesday Blitz"]
[Site "Chess.com"]
[Date "2020.06.09"]
[Round "1"]
[White "Iball95"]
[Black "MNyuyu"]
[Result "1-0"]
[WhiteElo "2690"]
[BlackElo "2358"]
[TimeControl "180+1"]
[EndTime "9:06:41 PDT"]
[Termination "Iball95 won by resignation"]

1. d4 d5 2. Nc3 e6 3. Bf4 Nf6 4. e3 Bb4 5. Ne2 c5 6. a3 Bxc3+ 7. Nxc3 cxd4 8. exd4 O-O 9. Qf3 Nc6 10. O-O-O Bd7 11.
g4 Ne7 12. h4 Ng6 13. Bd6 Re8 14. h5 Nf8 15. g5 Ne4 16. Nxe4 dxe4 17. Qf4 Qa5 18.
Be5 Rac8 19. Kb1 Ba4 20. Rc1 Qd5 21. Bxg7 Qf5 22. Be5 Qxf4 23. Bxf4 Nd7 24. Bh3 Nb6 25.
Rhg1 Nd5 26. Be3 Rc6 27. b3 Nc3+ 28. Kb2 Ne2 29. bxa4 Nxg1 30. Rxg1 Rec8 31. Rc1 Rb6+ 32. Ka2 Rbc6 33. Bg2 Rxc2+ 34. Rxc2 Rxc2+ 35. Kb3 Rc7 36. Bxe4 Kg7 37. d5 exd5 38. Bxd5 Kf8 39. Bxa7 b5 40. Be3 bxa4+ 41. Kxa4 Ke7 42. Kb5 Rc2 43. a4 Kd6 44. Bxf7 Rb2+ 45. Kc4 Ra2 46. Kb3 Re2 47. g6 hxg6 48.
hxg6 Ke7 49. a5 Re1 50. a6 Ra1 51. a7 Kf8 52. Bd5 Ke7 53. a8=Q Rxa8 54. Bxa8 1-0

[Event "*** SCC Grand Prix: Titled Tuesday Blitz"]
[Site "Chess.com"]
[Date "2020.06.09"]
[Round "1"]
[White "ShapkinAnatoliy"]
[Black "bratkoo"]
[Result "1-0"]
[WhiteElo "2667"]
[BlackElo "2344"]
[TimeControl "180+1"]
[EndTime "9:06:42 PDT"]
[Termination "ShapkinAnatoliy won by checkmate"]

1. d4 e6 2. c4 d5 3. Nf3 c6 4. Nbd2 Bd6 5. e4 Ne7 6. Bd3 Nd7 7. O-O Bc7 8. Re1 O-O 9. e5 h6 10. cxd5 Nxd5 11. Ne4 b6 12. Bd2 Bb7 13. Qe2 Qe7 14.
Ng3 Rfd8 15. Qe4 Nf8 16. Nh5 c5 17. Qg4 f5 18. exf6 Nxf6 19. Nxf6+ Qxf6 20. Bc4 Bxf3 21. Qxf3 Qxf3 22. gxf3 Rxd4 23. Bxe6+ Nxe6 24. Bc3 Kf7 25. Bxd4 Nxd4 26. Kg2 Rd8 27. Rad1 Rd5 28. Re4 Rg5+ 29. Rg4 Rf5 30. b3 Nxf3 31. Rd7+ Ke6 32. Rxc7 g5 33. Re4+ Ne5 34. Rxa7 Kd5 35. Re1 Rf6 36. Rd1+ Kc6 37. Re7 Ng4 38. Re2 h5 39. h3 Nh6 40. Rde1 Kd5 41.
Re5+ Kd4 42. Rxg5 Nf5 43. Rd1+ Ke4 44. Rxh5 Rg6+ 45. Kf1 Nd4 46. Rh4+ Kf3 47. Rd3# 1-0

[Event "*** SCC Grand Prix: Titled Tuesday Blitz"]
[Site "Chess.com"]
[Date "2020.06.09"]
[Round "1"]
[White "bazar-wokzal"]
[Black "Gabrielian_Artur"]
[Result "0-1"]
[WhiteElo "2384"]
[BlackElo "2735"]
[TimeControl "180+1"]
[EndTime "9:06:47 PDT"]
[Termination "Gabrielian_Artur won by resignation"]

1. e4 c5 2. c3 Nf6 3. e5 Nd5 4. d4 cxd4 5. cxd4 d6 6. Bc4 dxe5 7. dxe5 Be6 8. Nc3 Nc7 9. Qxd8+ Kxd8 10. Bxe6 Nxe6 11.
Be3 Nc6 12. f4 g6 13. Nf3 Bh6 14. Nd5 Nc7 15. O-O-O Nxd5 16. Rxd5+ Kc7 17. Rhd1 Rhd8 18. g4 Rxd5 19. Rxd5 b6 20. Kd2 e6 21. Rd3 Ne7 22.
Nd4 a6 23. f5 Bxe3+ 24. Kxe3 gxf5 25. gxf5 exf5 26. e6 fxe6 27. Nxe6+ Kc6 28. Kf4 Re8 29. Nd8+ Kc7 30. Ne6+ Kc8 31. Ke5 Ng6+ 32. Kxf5 Rxe6 0-1

[Event "*** SCC Grand Prix: Titled Tuesday Blitz"]
[Site "Chess.com"]
[Date "2020.06.09"]
[Round "1"]
[White "KamlaPasand"]
[Black "DenishevM"]
[Result "1/2-1/2"]
[WhiteElo "2202"]
[BlackElo "2549"]
[TimeControl "180+1"]
[EndTime "9:06:47 PDT"]
[Termination "Game drawn by repetition"]

1. e4 c6 2. d4 d5 3. exd5 cxd5 4. Bd3 Nf6 5. c3 Qc7 6. Ne2 Nc6 7. Bf4 Qb6 8. Qb3 e6 9. Nd2 Be7 10. Nf3 O-O 11. h3 Qd8 12. O-O Bd6 13. Qc2 Bxf4 14. Nxf4 Rb8 15. Ne5 Qc7 16. Rae1 b5 17. Qe2 b4 18. Bb1 bxc3 19. bxc3 Nxe5 20. dxe5 Ne4 21. Bxe4 dxe4 22. Qxe4 Bb7 23. Qe3 Rfc8 24. Nh5 g6 25. Nf6+ Kg7 26. Ng4 Kf8 27. Qh6+ Ke7 28. Qh4+ Kf8 29.
Rd1 h5 30. Nf6 Rd8 31. Qg5 Qc6 32. Nh7+ Kg7 33. Nf6 Kf8 34. Nh7+ Kg7 35. Nf6 Kf8 1/2-1/2

[Event "*** SCC Grand Prix: Titled Tuesday Blitz"]
[Site "Chess.com"]
[Date "2020.06.09"]
[Round "1"]
[White "RaunakSadhwani2005"]
[Black "Majesth"]
[Result "1-0"]
[WhiteElo "2908"]
[BlackElo "2448"]
[TimeControl "180+1"]
[EndTime "9:06:48 PDT"]
[Termination "RaunakSadhwani2005 won on time"]

1. e4 e6 2. d4 d5 3. Nc3 dxe4 4.
Nxe4 Nd7 5. Nf3 Ngf6 6. Nxf6+ Nxf6 7. Be3 Nd5 8. Bd2 c5 9. Bb5+ Bd7 10. Qe2 a6 11. Bxd7+ Qxd7 12. c4 Nb4 13. Bxb4 cxb4 14. d5 Bc5 15. dxe6 Qxe6 16. Qxe6+ fxe6 17. O-O Ke7 18. Rfe1 Rad8 19. Ng5 Rd6 20. Ne4 Rc6 21. Rad1 Rd8 22. Kf1 Bd4 23. b3 h6 24. Rd2 Bb6 25. Red1 Rxd2 26. Rxd2 Bc7 27. Ke2 Be5 28. h4 a5 29. g3 a4 30. f4 Bf6 31. c5 axb3 32. axb3 b6 33. cxb6 Rxb6 34. Rc2 Rb7 35. h5 Ra7 36. Rc4 Ra2+ 37. Kf3 Rh2 38. Kg4 Re2 39.
Rxb4 Re3 40. f5 1-0

[Event "*** SCC Grand Prix: Titled Tuesday Blitz"]
[Site "Chess.com"]
[Date "2020.06.09"]
[Round "1"]
[White "julinha97"]
[Black "Nbk90"]
[Result "0-1"]
[WhiteElo "2142"]
[BlackElo "2536"]
[TimeControl "180+1"]
[EndTime "9:06:48 PDT"]
[Termination "Nbk90 won on time"]

1. e4 e5 2. Nf3 Nc6 3. d4 exd4 4. Bc4 Nf6 5. e5 d5 6. Bb5 Nd7 7. O-O Be7 8. Bxc6 bxc6 9. e6 fxe6 10. Nxd4 Nb8 11. Qh5+ g6 12. Qe2 Kf7 13. Re1 Bf6 14.
Nxe6 Qe7 15. Nf4 Qxe2 16. Rxe2 Bf5 17. c3 Nd7 18. Nd2 Rhe8 19. Nf3 g5 20. Rxe8 Rxe8 21.
Nh3 g4 22. Nhg5+ Kg7 23. Bf4 gxf3 24. Nxf3 Re2 25. Bxc7 Rxb2 26. h3 Rb1+ 27. Rxb1 Bxb1 28. a4 Bxc3 29. Ng5 Kg6 30. Ne6 Bc2 31. a5 d4 32. Nd8 d3 33. Bf4 d2 34. Bxd2 Bxd2 35. Nxc6 a6 36. Kf1 Bd3+ 37. Kg1 Bb5 38. Ne7+ Kf7 0-1

[Event "*** SCC Grand Prix: Titled Tuesday Blitz"]
[Site "Chess.com"]
[Date "2020.06.09"]
[Round "1"]
[White "Caterpiller35"]
[Black "GothamChess"]
[Result "1-0"]
[WhiteElo "2303"]
[BlackElo "2595"]
[TimeControl "180+1"]
[EndTime "9:06:49 PDT"]
[Termination "Caterpiller35 won on time"]

1. d4 e6 2. Nf3 b6 3. Bf4 Bb7 4. Nbd2 f5 5. e3 Nf6 6. h3 g6 7.
Bd3 Bg7 8. Qe2 O-O 9. O-O-O Ne4 10. g4 d6 11. gxf5 exf5 12. h4 Kh8 13. Rdg1 Bf6 14. h5 g5 15. Bxe4 fxe4 16. Nxg5 Qe8 17. Qc4 Na6 18.
Rh3 d5 19. Qe2 c5 20. Rhg3 cxd4 21. Nxh7 d3 22. Qg4 Qc8 23. Qxc8 Raxc8 24. Nxf8 Rxc2+ 25. Kd1 Bg7 26. Rxg7 Rxd2+ 27. Kxd2 1-0

[Event "*** SCC Grand Prix: Titled Tuesday Blitz"]
[Site "Chess.com"]
[Date "2020.06.09"]
[Round "1"]
[White "Bastiandash"]
[Black "thedjoker98"]
[Result "1/2-1/2"]
[WhiteElo "2170"]
[BlackElo "2538"]
[TimeControl "180+1"]
[EndTime "9:06:49 PDT"]
[Termination "Game drawn by repetition"]

1. Nf3 d5 2. d4 Nf6 3. c3 c6 4. Bg5 Ne4 5. Bf4 Bf5 6. Nbd2 e6 7. Nxe4 Bxe4 8. Nd2 Bg6 9. e3 Nd7 10. Be2 Be7 11.
O-O O-O 12. Bf3 f6 13. Bg3 c5 14. Qe2 Qb6 15. b3 Bd6 16. Bxd6 Qxd6 17. Rad1 Rac8 18. e4 cxd4 19. cxd4 dxe4 20. Nxe4 Qb6 21. d5 exd5 22. Rxd5 Ne5 23. Nd6 Rcd8 24. Nc4 Nxc4 25. Qxc4 Bf7 26.
Rxd8 Bxc4 27. Rxf8+ Kxf8 28. bxc4 Qb2 29. h4 Qxa2 30.
Bxb7 Qxc4 31. Rb1 Qxh4 32. Bf3 Qf4 33. Rb7 a5 34. Ra7 a4 35. Ra8+ Kf7 36. Ra7+ Kg6 37. Be2 a3 38. g3 Qc1+ 39. Kg2 Qb2 40. Bd3+ Kh6 41. Ra4 g5 42. Ra7 g4 43. Rxh7+ Kg5 44. Rg7+ Kh5 45. Rh7+ Kg5 46. Rg7+ Kh6 47. Rh7+ Kg5 1/2-1/2

[Event "*** SCC Grand Prix: Titled Tuesday Blitz"]
[Site "Chess.com"]
[Date "2020.06.09"]
[Round "1"]
[White "Muracle"]
[Black "politeplayer"]
[Result "0-1"]
[WhiteElo "2585"]
[BlackElo "2287"]
[TimeControl "180+1"]
[EndTime "9:06:50 PDT"]
[Termination "politeplayer won by resignation"]

1. d4 Nf6 2. c4 g6 3. Nc3 Bg7 4. e4 O-O 5. Nf3 d6 6. h3 c5 7.
d5 e6 8. Be2 exd5 9. exd5 Bf5 10. Bd2 Ne4 11. Nxe4 Bxe4 12. Bc3 Bxc3+ 13. bxc3 Bxf3 14.
Bxf3 Re8+ 15. Kf1 Qf6 16. Qd2 Nd7 17. Be2 Re7 18. Re1 Rae8 19. g3 Nb6 20. Kg2 Na4 21.
Bg4 Rxe1 22. Rxe1 Rxe1 23. Qxe1 Nxc3 24. Qe8+ Kg7 25. h4 h5 26. Bc8 b6 27. Bh3 Qd4 28. Kg1 Ne4 29. Kh1 Nxf2+ 30. Kh2 Qd2 31. Bg2 Ng4+ 32. Kh3 Ne3 33. Be4 Ng4 34. Bg2 Qe3 0-1

[Event "*** SCC Grand Prix: Titled Tuesday Blitz"]
[Site "Chess.com"]
[Date "2020.06.09"]
[Round "1"]
[White "pastouche06"]
[Black "PattyCastillo"]
[Result "1-0"]
[WhiteElo "2478"]
[BlackElo "1896"]
[TimeControl "180+1"]
[EndTime "9:06:50 PDT"]
[Termination "pastouche06 won on time"]

1. d4 d5 2. c4 c6 3. Nf3 Nf6 4. Qc2 e6 5. g3 Nbd7 6. Bg2 Be7 7. O-O O-O 8. Nbd2 b6 9. e4 dxe4 10. Nxe4 Bb7 11. Rd1 Rc8 12. Bf4 Nh5 13. Bd6 Nhf6 14.
Bxe7 Qxe7 15. Ne5 c5 16. Nxd7 Nxd7 17. dxc5 Nxc5 18. Nd6 Rc7 19. Nb5 Rcc8 20. Nxa7 Bxg2 21.
Nxc8 Rxc8 22. Kxg2 Qb7+ 23. f3 h5 24. h4 e5 25. Rd5 Re8 26. Re1 Qc7 27. Qf5 g6 28.
Qg5 Kg7 29. Rdxe5 Rxe5 30. Qxe5+ Qxe5 31. Rxe5 Nd3 32. Rb5 1-0

[Event "*** SCC Grand Prix: Titled Tuesday Blitz"]
[Site "Chess.com"]
[Date "2020.06.09"]
[Round "1"]
[White "aleksandrovaleksei"]
[Black "ARTHURMOTIVATOR"]
[Result "1-0"]
[WhiteElo "2595"]
[BlackElo "2265"]
[TimeControl "180+1"]
[EndTime "9:06:51 PDT"]
[Termination "aleksandrovaleksei won on time"]

1. d4 g6 2. e4 Bg7 3. Be3 c6 4. h3 d5 5. e5 f6 6. Nf3 Nh6 7.
g4 Nf7 8. exf6 exf6 9. c4 O-O 10. Nc3 Be6 11. cxd5 cxd5 12. Bg2 Nc6 13. O-O Nd6 14. Re1 Bf7 15. Nd2 Ne7 16. Qb3 Nc4 17. Nxc4 dxc4 18. Qxb7 Rb8 19. Qxa7 Rxb2 20. d5 f5 21. Bd4 Nc8 22.
Qc5 Bxd4 23. Qxd4 fxg4 24. hxg4 Nd6 25. Ne4 Qb6 26. Nf6+ Kh8 27. Qxb6 Rxb6 28. Nd7 Rfb8 29. a4 c3 30. a5 R6b7 31. Nxb8 Rxb8 32. Rec1 Nb5 33.
Rab1 Be8 34. Bf1 Kg7 35. a6 1-0

[Event "*** SCC Grand Prix: Titled Tuesday Blitz"]
[Site "Chess.com"]
[Date "2020.06.09"]
[Round "1"]
[White "TargetA"]
[Black "TheBigBadChessDad"]
[Result "1-0"]
[WhiteElo "2580"]
[BlackElo "2238"]
[TimeControl "180+1"]
[EndTime "9:06:51 PDT"]
[Termination "TargetA won on time"]

1. e4 e5 2. Nf3 Nf6 3. Nc3 Nc6 4. Bb5 Bb4 5. O-O O-O 6. d3 Bxc3 7. bxc3 d6 8. Bg5 h6 9. Bh4 Bg4 10. h3 Bxf3 11. Qxf3 g5 12. Bg3 Nd7 13. Rab1 Kg7 14. Bc4 Na5 15. Bb3 Nxb3 16. axb3 a5 17. d4 f6 18. Qg4 Qe7 19. f4 exf4 20. Bxf4 Rf7 21. Rbe1 a4 22. bxa4 Rxa4 23. Bd2 Ra2 24. Qd1 Nb6 25.
Qb1 Ra7 26. Qb3 Qd7 27. c4 Qa4 28. c5 Qxb3 29. cxb3 dxc5 30. dxc5 Nd7 31. b4 Ne5 32. Bc3 Re7 33. Rd1 Ra3 34. Bd4 Rb3 35. Rb1 Rxb1 36.
Rxb1 Nc6 37. Bc3 Rxe4 38. b5 Ne5 39. Rd1 Kf7 40. Rd8 Ke7 41. Rb8 Nd7 42. Rxb7 Rc4 43. Ba5 Rxc5 44. Bb4 Kd6 45. Ra7 f5 46. Kf2 1-0

[Event "*** SCC Grand Prix: Titled Tuesday Blitz"]
[Site "Chess.com"]
[Date "2020.06.09"]
[Round "1"]
[White "GOGIEFF"]
[Black "totoro9"]
[Result "1/2-1/2"]
[WhiteElo "2896"]
[BlackElo "2521"]
[TimeControl "180+1"]
[EndTime "9:06:52 PDT"]
[Termination "Game drawn by repetition"]

1. d4 Nf6 2. c4 g6 3. Nc3 Bg7 4. e4 d6 5. Be2 O-O 6. Bg5 c6 7. Nf3 Na6 8. O-O Nc7 9. e5 dxe5 10. dxe5 Nd7 11. Bf4 Ne6 12. Bg3 Qa5 13. Qe1 Nxe5 14. Nxe5 Bxe5 15. Nd5 Qxe1 16. Nxe7+ Kg7 17. Bxe5+ f6 18.
Rfxe1 fxe5 19. Bg4 Rf4 20. Bh3 Kf6 21. Nxc8 Rxc8 22. Rad1 Rd8 23. Rxd8 Nxd8 24. b3 Rd4 25. g3 Ne6 26. f4 e4 27. Bxe6 Kxe6 28. Kf2 Kf5 29.
Ke2 h5 30. Rg1 Rd3 31. h3 Rc3 32. Kd2 Rd3+ 33. Ke2 Rc3 34. Kd2 Rd3+ 35. Ke2 1/2-1/2

[Event "*** SCC Grand Prix: Titled Tuesday Blitz"]
[Site "Chess.com"]
[Date "2020.06.09"]
[Round "1"]
[White "OparinGrigoriy"]
[Black "willc-h99"]
[Result "1-0"]
[WhiteElo "2902"]
[BlackElo "2445"]
[TimeControl "180+1"]
[EndTime "9:06:52 PDT"]
[Termination "OparinGrigoriy won by resignation"]

1. Nf3 c5 2. c4 g6 3. d4 cxd4 4. Nxd4 Bg7 5. e4 Nc6 6. Nc2 d6 7. Be2 Nh6 8. O-O O-O 9. Nc3 f5 10.
Bg5 Nf7 11. Be3 e5 12. exf5 gxf5 13. f4 Kh8 14. Qd2 Qh4 15. Rad1 Rg8 16. g3 Bf6 17.
Bf3 Bd7 18. Bg2 Qh5 19. Nd5 Bd8 20. c5 dxc5 21. Bxc5 Be6 22. Nce3 h6 23. fxe5 Nfxe5 24. Nf4 Qf7 25. Nxe6 Qxe6 26. Rxf5 Bg5 27. Qf2 Bxe3 28. Bxe3 Ng4 29. Bd4+ Nxd4 30. Qxd4+ Kh7 31. Be4 Rg6 32. Rf4 Ne5 33. Bxg6+ Kxg6 34. Qe4+ Kg7 35. Rd5 Qb6+ 36. Kg2 Qxb2+ 37. Kh3 Re8 38. Qf5 Re7 39. Qf6+ 1-0

[Event "*** SCC Grand Prix: Titled Tuesday Blitz"]
[Site "Chess.com"]
[Date "2020.06.09"]
[Round "1"]
[White "Falia-p"]
[Black "SantoBlue"]
[Result "0-1"]
[WhiteElo "2418"]
[BlackElo "2788"]
[TimeControl "180+1"]
[EndTime "9:06:52 PDT"]
[Termination "SantoBlue won by resignation"]

1. e4 d6 2. d4 Nf6 3. Nc3 e5 4.
Nf3 Nbd7 5. Bc4 Be7 6. O-O O-O 7. h3 c6 8. a4 h6 9. Re1 Re8 10. a5 Rb8 11. Be3 b5 12. Bb3 b4 13.
dxe5 bxc3 14. exf6 Bxf6 15. Bxa7 cxb2 16. Rb1 Ra8 17.
Bd4 Qxa5 18. Bxf6 Nxf6 19. Qxd6 Be6 20. Qd4 Rad8 21. Qxb2 Bxb3 22. Qxb3 Nxe4 23. Re3 Nf6 24. Rbe1 Rxe3 25. Rxe3 Nd5 26. Rd3 Qc7 27. Qc4 Ra8 28. g3 Qb6 29. Ne5 Ra1+ 30. Kg2 Qb1 31. Kf3 Qh1+ 32.
Kg4 Nf6+ 33. Kf4 Qc1+ 34. Re3 Nd5+ 35. Kf3 Qh1+ 36. Kg4 Nxe3+ 37. fxe3 Qd1+ 38. Kh4 Qd8+ 39. Kg4 Qg5+ 40. Kf3 Qxe5 41. Qd4 Qxd4 0-1

[Event "*** SCC Grand Prix: Titled Tuesday Blitz"]
[Site "Chess.com"]
[Date "2020.06.09"]
[Round "1"]
[White "giantslayer83"]
[Black "fischercapa"]
[Result "1-0"]
[WhiteElo "2703"]
[BlackElo "2366"]
[TimeControl "180+1"]
[EndTime "9:06:52 PDT"]
[Termination "giantslayer83 won by resignation"]

1. d4 Nf6 2. c4 e6 3. Nf3 Bb4+ 4. Nbd2 b6 5. a3 Bxd2+ 6. Qxd2 Bb7 7. e3 O-O 8. Bd3 Ne4 9. Qc2 f5 10. Nd2 Nf6 11. O-O d6 12. f3 Nbd7 13. b4 c5 14. Bb2 Qc7 15. Rae1 Rac8 16. dxc5 bxc5 17. e4 cxb4 18. axb4 Qb6+ 19. Kh1 Qxb4 20. exf5 e5 21. Bc3 Qc5 22. Ne4 Qc7 23. Bb4 Bxe4 24. Bxe4 Nc5 25. Rd1 Rfd8 26. Bd5+ Kh8 27. Qd2 Re8 28. Bxc5 Qxc5 29.
Be6 Rcd8 30. Qd3 Re7 31. Rd2 Qc6 32. Rfd1 a5 33. Qa3 a4 34. Rxd6 Rxd6 35. Rxd6 Qe8 36. h3 h6 37. Ra6 g6 38. Rxa4 gxf5 39. Ra8 Kg7 40. Rxe8 Rxe8 41. Bxf5 1-0

[Event "*** SCC Grand Prix: Titled Tuesday Blitz"]
[Site "Chess.com"]
[Date "2020.06.09"]
[Round "1"]
[White "kuban1991"]
[Black "Nathan_Filgueiras"]
[Result "1-0"]
[WhiteElo "2777"]
[BlackElo "2409"]
[TimeControl "180+1"]
[EndTime "9:06:53 PDT"]
[Termination "kuban1991 won by resignation"]

1. Nf3 Nf6 2. g3 b6 3. Bg2 Bb7 4. O-O e6 5. d3 Be7 6. Nbd2 O-O 7. e4 d6 8. a4 c5 9. a5 Nbd7 10. a6 Bc6 11. Nc4 Qc7 12. Re1 Rad8 13. Bd2 Rfe8 14. e5 dxe5 15. Nfxe5 Bxg2 16. Kxg2 Nxe5 17. Nxe5 Nd7 18.
Bf4 Nxe5 19. Bxe5 Qc6+ 20. Qf3 Qxf3+ 21. Kxf3 Bd6 22. Bc3 Rc8 23. Red1 Red8 24. d4 cxd4 25. Rxd4 Bc5 26. Rxd8+ Rxd8 27. Ke2 f6 28. f4 Kf7 29.
Rd1 Rxd1 30. Kxd1 Bg1 31. Ke2 h5 32. h3 f5 33. Be5 b5 34. Kd3 Bf2 35. Bd4 Bxg3 36.
Bxa7 Bxf4 37. c4 bxc4+ 38. Kxc4 g5 39. Bb6 Bb8 40. a7 Bxa7 41. Bxa7 g4 42. hxg4 fxg4 43. Bf2 Kg6 44. Kd4 Kg5 45. b4 h4 46. b5 g3 47. Ke3 g2 48. b6 1-0

[Event "*** SCC Grand Prix: Titled Tuesday Blitz"]
[Site "Chess.com"]
[Date "2020.06.09"]
[Round "1"]
[White "SamuelGhimpu2003"]
[Black "Anaj14"]
[Result "1-0"]
[WhiteElo "2604"]
[BlackElo "2278"]
[TimeControl "180+1"]
[EndTime "9:06:54 PDT"]
[Termination "SamuelGhimpu2003 won by checkmate"]

1. e4 c5 2. Nf3 d6 3. d4 cxd4 4. Nxd4 e6 5. c4 Nf6 6. Nc3 Be7 7. Be2 O-O 8. O-O a6 9. Be3 Qc7 10. f3 Nc6 11. Rc1 Nxd4 12. Qxd4 Nd7 13. Rfd1 b6 14.
f4 Rd8 15. Bf3 Bb7 16. Kh1 Rac8 17. b4 Bf6 18. Qd2 Be7 19. Na4 Qc6 20. Nb2 e5 21.
f5 h6 22. g4 Bf8 23. g5 hxg5 24. Bxg5 f6 25. Be3 a5 26. b5 Qc7 27. Qg2 Nc5 28. h4 Qf7 29. h5 Kh8 30. Rd5 a4 31. h6 gxh6 32. Rg1 Bxd5 33. cxd5 a3 34. Nc4 Rb8 35. Qh3 Be7 36. Bh5 Qh7 37. Bg6 Qg7 38. Bxh6 Nxe4 39. Bxg7+ Kxg7 40. Qh7+ Kf8 41. Qf7# 1-0

[Event "*** SCC Grand Prix: Titled Tuesday Blitz"]
[Site "Chess.com"]
[Date "2020.06.09"]
[Round "1"]
[White "lachesisQ"]
[Black "NicoChasin"]
[Result "1-0"]
[WhiteElo "3042"]
[BlackElo "2469"]
[TimeControl "180+1"]
[EndTime "9:06:55 PDT"]
[Termination "lachesisQ won by resignation"]

1. d4 Nf6 2. c4 e6 3. Nc3 Bb4 4. Qc2 O-O 5. a3 Bxc3+ 6. Qxc3 d6 7. g3 Nbd7 8. Bg2 e5 9. Nf3 Qe7 10. O-O c6 11. b4 exd4 12. Nxd4 Ne5 13. Bb2 Re8 14. e4 Ng6 15. Rae1 a5 16. b5 Bd7 17. f4 cxb5 18. cxb5 Rec8 19. Qd2 Rc5 20. Nf5 Qd8 21. Nxd6 Bxb5 22. Rf2 Ba4 23. Nxb7 Qxd2 24. Rxd2 Rc2 25. Rxc2 Bxc2 26. e5 Nd7 27. Rc1 Bf5 28. Nd6 Rb8 29. Bc3 Rb1 30. Rxb1 Bxb1 31. Bxa5 f6 32. exf6 Nxf6 33.
Bb4 Bc2 34. Nb5 Kf7 35. Nc3 Ne7 36. a4 Nf5 37. a5 Nd4 38. a6 Nd7 39. a7 Nb6 40.
Bc5 1-0

[Event "*** SCC Grand Prix: Titled Tuesday Blitz"]
[Site "Chess.com"]
[Date "2020.06.09"]
[Round "1"]
[White "Jungle_Jaguar"]
[Black "tylityli"]
[Result "1-0"]
[WhiteElo "2607"]
[BlackElo "2284"]
[TimeControl "180+1"]
[EndTime "9:06:55 PDT"]
[Termination "Jungle_Jaguar won on time"]

1. e4 e5 2. Nf3 Nc6 3. Bb5 a6 4. Ba4 Nf6 5. O-O Be7 6. Re1 b5 7. Bb3 d6 8. c3 O-O 9. h3 Nd7 10. d4 Bf6 11. Be3 Na5 12. Bc2 c5 13.
dxc5 dxc5 14. Nbd2 Bb7 15. Qe2 Qe7 16. Rad1 Rfd8 17.
Nf1 Nc4 18. Bc1 g6 19. b3 Ncb6 20. Ne3 Bg7 21. c4 Nf6 22. Nd5 Nfxd5 23. cxd5 c4 24. Be3 Qd6 25. Bxb6 Qxb6 26. bxc4 Rac8 27. cxb5 axb5 28.
Rb1 b4 29. a3 Qc5 30. Rxb4 Qxc2 31. Qxc2 Rxc2 32. Rxb7 Bf8 33. Ra1 Bc5 34. Nxe5 Bxf2+ 35. Kh1 Bd4 36. Nxf7 Rf8 37. Nh6+ Kh8 38. Rd1 Bc5 39.
d6 Rff2 40. d7 Rcd2 41. d8=Q+ 1-0

[Event "*** SCC Grand Prix: Titled Tuesday Blitz"]
[Site "Chess.com"]
[Date "2020.06.09"]
[Round "1"]
[White "silverback96"]
[Black "arminmusovic"]
[Result "1-0"]
[WhiteElo "2191"]
[BlackElo "2534"]
[TimeControl "180+1"]
[EndTime "9:06:55 PDT"]
[Termination "silverback96 won by resignation"]

1. d4 d5 2. c4 c5 3. cxd5 Qxd5 4. Nf3 cxd4 5. Nc3 Qa5 6. Nxd4 Nf6 7. Bd2 Qd8 8. Bg5 e5 9. Ndb5 Qxd1+ 10. Rxd1 Na6 11. Bxf6 gxf6 12. Nd5 Rb8 13. Nxf6+ Ke7 14. Nd5+ Ke6 15. Nbc7+ Nxc7 16. Nxc7+ Kf6 17. Nd5+ Kg7 18. e4 Be6 19.
Bc4 b5 20. Bb3 a5 21. O-O Bc5 22. Rd3 Bd4 23. Rg3+ Kf8 24. Rc1 Rg8 25. Nc7 Ke7 26.
Rxg8 Rxg8 27. Bxe6 fxe6 28. Nxb5 Bxb2 29. Rc7+ Kf6 30.
Rxh7 Rc8 31. h4 Rc1+ 32. Kh2 Rc2 33. f3 Bc1 34. a4 Ra2 35. Kh3 Rxa4 36. Nd6 Rd4 37.
Ne8+ Kg6 38. Rg7+ Kh6 39. g4 Rd8 40. g5+ 1-0

[Event "*** SCC Grand Prix: Titled Tuesday Blitz"]
[Site "Chess.com"]
[Date "2020.06.09"]
[Round "1"]
[White "Chess_Boxer123"]
[Black "killer311"]
[Result "1-0"]
[WhiteElo "2739"]
[BlackElo "2385"]
[TimeControl "180+1"]
[EndTime "9:06:57 PDT"]
[Termination "Chess_Boxer123 won by resignation"]

1. e4 c6 2. Nf3 d5 3. Nc3 dxe4 4. Nxe4 Nf6 5. Qe2 Nxe4 6. Qxe4 Qa5 7. Qf4 Bf5 8. b4 Qd5 9. Bc4 Qe4+ 10. Qxe4 Bxe4 11. Bxf7+ Kxf7 12. Ng5+ Kg6 13. Nxe4 e5 14. a3 Be7 15. Bb2 a5 16. O-O Nd7 17. c3 Nf6 18. Nxf6 gxf6 19. d3 Rhd8 20. Rfd1 Rd7 21. Kf1 a4 22. c4 Rad8 23.
Ke2 b5 24. f3 Kf5 25. g4+ Ke6 26. Rac1 Kf7 27. cxb5 cxb5 28. Rc6 Rd5 29. Ke3 R8d7 30.
Ke4 Bf8 31. d4 Bh6 32. Rc7 Rxc7 33. Kxd5 Rc2 34. Rb1 exd4 35. Bxd4 Rxh2 36. Kc5 Ra2 37. Bb2 Bf4 38. Kxb5 Ke6 39. Kxa4 Kd6 40. Kb3 1-0

[Event "*** SCC Grand Prix: Titled Tuesday Blitz"]
[Site "Chess.com"]
[Date "2020.06.09"]
[Round "1"]
[White "LionTheLeon_06"]
[Black "gm_rashid"]
[Result "1-0"]
[WhiteElo "2688"]
[BlackElo "2357"]
[TimeControl "180+1"]
[EndTime "9:06:57 PDT"]
[Termination "LionTheLeon_06 won by resignation"]

1. d4 d5 2. c4 e6 3. Nc3 Nf6 4. Bg5 Be7 5. e3 O-O 6. Nf3 Nbd7 7. Rc1 a6 8. cxd5 exd5 9. Bd3 c6 10. O-O Re8 11.
Qc2 Nf8 12. Ne5 Ng4 13. Bxe7 Qxe7 14. Nxg4 Bxg4 15. Rb1 Rad8 16. b4 Rd6 17. a4 Rh6 18. g3 Qf6 19. Be2 Bf5 20. Bd3 Bh3 21. Rfe1 Ne6 22.
f4 g5 23. Qf2 Kh8 24. b5 axb5 25.
axb5 Rg8 26. fxg5 Nxg5 27. Qxf6+ Rxf6 28. Be2 Bf5 29. Rf1 Rgg6 30. Rbc1 Bh3 31. Rxf6 Rxf6 32.
b6 Nf3+ 33. Bxf3 Rxf3 34. Re1 Kg7 35. Na4 Kf8 36. Nc5 Bc8 37. Kg2 Rf6 38. Ra1 Rh6 39.
Ra8 1-0

[Event "*** SCC Grand Prix: Titled Tuesday Blitz"]
[Site "Chess.com"]
[Date "2020.06.09"]
[Round "1"]
[White "Jadeit90"]
[Black "Shahinyan_ChessMood"]
[Result "1-0"]
[WhiteElo "2306"]
[BlackElo "2596"]
[TimeControl "180+1"]
[EndTime "9:06:57 PDT"]
[Termination "Jadeit90 won by resignation"]

1. g3 e5 2. Bg2 Nc6 3. c4 f5 4. Nc3 Nf6 5. e3 g6 6. Nge2 Bg7 7. O-O O-O 8. d4 e4 9. a3 d6 10. b4 Ne7 11. d5 g5 12. Bb2 Ng6 13. Nd4 g4 14. c5 dxc5 15. bxc5 Nxd5 16. Qb3 c6 17. Rfd1 Kh8 18. Nde2 Be6 19. Qxb7 Rb8 20. Qxc6 Rxb2 21. Qxe6 Nxc3 22. Rxd8 Nxe2+ 23. Kh1 Rxd8 24. Qxf5 Rbd2 25. Rf1 Rf8 26. Qxg4 Ne5 27. Qxe4 Nd3 28. f4 Rd1 29. Qf3 Rd2 30. c6 Rc8 31. c7 Rc2 32. Bh3 Re8 33.
c8=Q Rcxc8 34. Bxc8 Nc3 35. Bf5 Rd8 36. Qh5 h6 37.
Qg6 Kg8 38. Bxd3 Nd5 39. Bc4 Kh8 40. Rd1 1-0

[Event "*** SCC Grand Prix: Titled Tuesday Blitz"]
[Site "Chess.com"]
[Date "2020.06.09"]
[Round "1"]
[White "SergeyKarjakin"]
[Black "Moon_stone123"]
[Result "1-0"]
[WhiteElo "2983"]
[BlackElo "2465"]
[TimeControl "180+1"]
[EndTime "9:06:59 PDT"]
[Termination "SergeyKarjakin won on time"]

1. e4 c5 2. Nf3 d6 3. d4 cxd4 4.
Nxd4 Nf6 5. Nc3 g6 6. Be3 Bg7 7. f3 Nc6 8. Qd2 O-O 9. Bc4 Bd7 10.
O-O-O Rc8 11. Bb3 Ne5 12. Kb1 Re8 13. h4 h5 14. Rhe1 Qa5 15. Bg5 b5 16. Ncxb5 Qb6 17.
Nc3 Nc4 18. Qd3 Ne5 19. Qe3 Rb8 20. Bxf6 exf6 21. Nd5 Qb7 22. Qf4 Rec8 23. Nxf6+ Kh8 24.
g4 hxg4 25. h5 g5 26. Qxg5 Rg8 27. h6 Bxf6 28. Qxf6+ Kh7 29. f4 Be6 30. fxe5 Rg6 31. Qf4 dxe5 32. Qxe5 Bc4 33. Nf5 a5 34. Bxc4 1-0